 Dungeon Crawl Stone Soup version 0.31.0-12-g77e489cdc1 (webtiles) character file.

Game seed: 386428066718758923

1999 Mingle the Martial Artist (level 9, 0/51 HPs)
             Began as a Vine Stalker Monk on Feb 29, 2024.
             Splashed by a brown ugly thing's acid (6 damage)
             ... on level 7 of the Dungeon.
             The game lasted 00:07:13 (4610 turns).

Mingle the Martial Artist (Vine Stalker Monk)       Turns: 4610, Time: 00:07:13

Health: 0/51       AC:  6    Str: 14    XL:     9   Next: 21%
Magic:  0/10       EV: 13    Int: 14    God:
Gold:   428        SH:  0    Dex: 17    Spells: 8/8 levels left

rFire   . .          .
                       - Unarmed
rCold   . . .        c - orb {light}
rNeg    . . .        E - +0 steam dragon scales
rPois   .            A - +2 helmet
rElec   .            (no cloak)
rCorr   .            n - +0 pair of gloves
SInv    +            f - +0 pair of boots
Will    +....        k - amulet of regeneration
Stlth   +            v - ring of see invisible
HPRegen 1.88/turn    (no ring)
MPRegen 0.12/turn

%: guardian spirit
@: confused, ambrosia-drunk, corroded, glowing
A: fangs 3, regeneration 1, magic shield, antimagic bite, no potion heal 2
a: no special abilities


You were on level 7 of the Dungeon.
You visited 2 branches of the dungeon, and saw 8 of its levels.
You also visited: Ossuary.

You collected 428 gold pieces.


Innate Abilities, Weirdness & Mutations

You have razor-sharp teeth.
Your natural rate of healing is unusually fast.
When hurt, damage is shared between your health and your magic reserves.
Your bite disrupts and absorbs the magic of your enemies.
Potions cannot restore your health.


   Skills:
 + Level 7.9 Fighting
 + Level 3.2 Dodging
 - Level 8.0 Unarmed Combat
 + Level 3.0 Shapeshifting


You had 8 spell levels left.
You didn't know any spells.
Your spell library contained the following spells:

 Spells                   Type           Power      Damage    Failure   Level
 Magic Dart               Conj           0%         1d3       28%         1
 Slow                     Hex            0%         N/A       28%         1
 Mercury Vapours          Alch/Air       0%         N/A       41%         2
 Searing Ray              Conj           0%         2d4       41%         2
 Confusing Touch          Hex            0%         N/A       65%         3
 Fugue of the Fallen      Necr           0%         N/A       65%         3
 Mephitic Cloud           Conj/Alch/Air  0%         N/A       65%         3
 Ozocubu's Armour         Ice            0%         N/A       65%         3
 Sigil of Binding         Hex            0%         N/A       65%         3
 Vampiric Draining        Necr           0%         2d6       65%         3
 Fulminant Prism          Conj/Alch      0%         3d5       96%         4
 Manifold Assault         Tloc           0%         N/A       96%         4
 Freezing Cloud           Conj/Ice/Air   0%         6-21      100%        5

Inventory:

Armour
 a - a +0 robe
 c - an orb of light (worn)
 e - a +0 scale mail
 f - a +0 pair of boots (worn)
 n - a +0 pair of gloves (worn)
 A - a +2 helmet (worn)
 E - +0 steam dragon scales (worn)
 G - a scarf of invisibility
Jewellery
 g - an amulet of reflection
 k - an amulet of regeneration (around neck)
 v - a ring of see invisible (left hand)
 F - a ring of fire
Talismans
 C - a serpent talisman
Wands
 r - a wand of charming (19)
 u - a wand of digging (5)
 y - a wand of flame (15)
Scrolls
 d - 3 scrolls of teleportation {unknown}
 j - a scroll of brand weapon {unknown}
 m - 2 scrolls of revelation {unknown}
 o - 5 scrolls of identify {unknown}
 p - 2 scrolls of enchant armour {unknown}
 q - 3 scrolls of poison {unknown}
 t - 5 scrolls of blinking {unknown}
 D - a scroll of immolation {unknown}
 H - 3 scrolls of vulnerability {unknown}
Potions
 b - a potion of ambrosia
 h - 4 potions of enlightenment {unknown}
 i - 2 potions of invisibility {unknown}
 l - 3 potions of brilliance {unknown}
 s - 2 potions of curing {unknown}
 w - 2 potions of lignification {unknown}
 x - a potion of resistance {unknown}
 z - a potion of haste {unknown}
 B - a potion of might {unknown}

Dungeon Overview and Level Annotations

Branches:
Dungeon (7/15)             Temple (1/1) D:6         Ossuary (visited)

Altars:
Ashenzari
Dithmenos
Elyvilon
Fedhas
Hepliaklqana
Kikubaaqudgha
Makhleb
Nemelex Xobeh
Qazlal
Ru
Sif Muna
Trog
Uskayaw
Vehumet
Wu Jian
Xom
Yredelemnul
Zin
The Shining One

Shops:
D:4 !   D:5 :

Annotations:
D:4 3 runed translucent doors, lordive's ghost, amateur MiGl

.#
#...†.<.....##.#
.# #...###.....#
.# .# ##.##
##.#..# ##
####.#####.......
# #....#..
........ #
#.##<#.####...####
#.##.#.#####.##
#.##...$.....#
#.####@###### #.#
#u# ... #.# ###
#.# ..# ###


You could see a brown ugly thing.


Message History

You are too injured to fight recklessly!
You are too injured to fight recklessly!
You are too injured to fight recklessly!
You are too injured to fight recklessly!
You are too injured to fight recklessly!
You are too injured to fight recklessly!
You are too injured to fight recklessly!
You are too injured to fight recklessly!
You are too injured to fight recklessly!
You are too injured to fight recklessly!
You are too injured to fight recklessly!
You are too injured to fight recklessly!
You are too injured to fight recklessly!
You are too injured to fight recklessly!
You are too injured to fight recklessly!
You are too injured to fight recklessly!
Unknown command.
You are confused.
Your system rejects the healing.
You feel invigorated. The brown ugly thing stings you.
* * * LOW HITPOINT WARNING * * *
The acid corrodes you!
You are splashed with acid.
* * * LOW HITPOINT WARNING * * *
You hit the brown ugly thing. You bite the brown ugly thing.
You drain its power.
You feel invigorated.
The brown ugly thing is heavily wounded.
The brown ugly thing stings you!
* * * LOW HITPOINT WARNING * * *
You are splashed with acid!
You die...

Skill      XL: |  1  2  3  4  5  6  7  8  9 |
---------------+----------------------------+-----
Fighting       | 3 4 5 6 7 |  7.9
Unarmed Combat | 4 5 6 8 |  8.0
Shapeshifting  | 2 3 |  3.0
Dodging        | 3 |  3.2

Action                     |  1- 3 |  4- 6 |  7- 9 || total
---------------------------+-------+-------+-------++-------
  Melee: Unarmed           |    71 |   145 |   214 ||   430
         Bite              |    16 |    61 |    94 ||   171
    Use: Potion            |       |       |     1 ||     1
 Armour: Robe              |     9 |       |       ||     9
         Scale mail        |    28 |    83 |   100 ||   211
         Steam dragon scal |       |       |    24 ||    24
  Dodge: Dodged            |    29 |    45 |    74 ||   148

Levels and vault maps discovered:
D:1:      lordsloth_arrival_two_stooges, layout_rooms
D:2:      layout_basic, minmay_misc_feat_four_crosses
D:3:      layout_loops_ring, general_overflow_altar, uniq_terence,
          uniq_crazy_yiuf_cottage
D:4:      layout_basic, gup_ossuary_entry_pyramid, serial_shops, shop,
          ebering_ghost_rock_garden
D:5:      layout_basic, lemuel_crystal_altar, nicolae_shop_i_like_big_books,
          kennysheep_generic_room_10
D:6:      layout_cave_pools, chequers_temple_overflow_minitemple,
          minmay_temple_entry_fiery
D:7:      layout_loops_ring
Temple:   nicolae_temple_figure_eight

Notes
Turn   | Place    | Note
-------+----------+-------------------------------------------
     0 | D:1      | Mingle the Vine Stalker Monk began the quest for the Orb.
     0 | D:1      | Reached XP level 1. HP: 11/11 MP: 2/2
   131 | D:1      | Reached skill level 3 in Fighting
   131 | D:1      | Reached XP level 2. HP: 15/16 MP: 3/3
   624 | D:3      | Reached XP level 3. HP: 20/20 MP: 4/4
   990 | D:2      | Reached skill level 4 in Unarmed Combat
   990 | D:2      | Reached XP level 4. HP: 25/25 MP: 5/5
  1212 | D:3      | Reached skill level 4 in Fighting
  1238 | D:3      | Reached XP level 5. HP: 29/29 MP: 6/6
  1460 | D:3      | Noticed Terence
  1477 | D:3      | Killed Terence
  1561 | D:3      | Found a shimmering blue altar of Sif Muna.
  1860 | D:4      | Found Tupyugg's Distillery.
  1867 | D:4      | Noticed a black bear
  1875 | D:4      | Killed a black bear
  1876 | D:4      | Reached skill level 5 in Unarmed Combat
  1876 | D:4      | Reached XP level 6. HP: 30/35 MP: 4/7
  1993 | D:4      | Found a runed translucent gate.
  1993 | D:4      | Found a runed translucent gate.
  1993 | D:4      | Noticed lordive's ghost (amateur MiGl)
  1994 | D:4      | Found a runed translucent gate.
  2065 | D:4      | Reached skill level 5 in Fighting
  2126 | D:4      | Found a sand-covered staircase.
  2138 | Ossuary  | Entered an ossuary
  2234 | Ossuary  | Reached XP level 7. HP: 39/39 MP: 8/8
  2322 | Ossuary  | Reached skill level 6 in Unarmed Combat
  2396 | D:4      | Reached skill level 6 in Fighting
  2527 | D:4      | Identified the +8 mace "Woshamm" {chaos, *Noise rN+ Dex+3}
  2676 | D:5      | Entered Level 5 of the Dungeon
  2700 | D:5      | Found a white marble altar of Elyvilon.
  3140 | D:5      | Gained mutation: You have razor-sharp teeth. [Vine Stalker
                  | growth]
  3140 | D:5      | Reached XP level 8. HP: 42/45 MP: 6/9
  3292 | D:5      | Found Wovogavi's Tremendous Tomes.
  3494 | D:6      | Reached skill level 7 in Unarmed Combat
  3508 | D:6      | Reached skill level 7 in Fighting
  3739 | D:6      | Reached skill level 1 in Shapeshifting
  4042 | D:6      | Found a staircase to the Ecumenical Temple.
  4143 | Temple   | Entered the Ecumenical Temple
  4196 | D:6      | Found a faded altar of an unknown god.
  4196 | D:6      | Found a glowing golden altar of the Shining One.
  4203 | D:6      | Found a sacrificial altar of Ru.
  4205 | D:6      | Found a sparkling altar of Nemelex Xobeh.
  4207 | D:6      | Found a glowing silver altar of Zin.
  4296 | D:7      | Reached skill level 2 in Shapeshifting
  4303 | D:7      | Reached skill level 8 in Unarmed Combat
  4303 | D:7      | Reached XP level 9. HP: 50/51 MP: 10/10
  4406 | D:7      | Reached skill level 3 in Dodging
  4574 | D:7      | Reached skill level 3 in Shapeshifting
  4600 | D:7      | Noticed a brown ugly thing
  4610 | D:7      | Splashed by a brown ugly thing's acid

Vanquished Creatures
  A steam dragon (D:6)
  A water moccasin (D:7)
  A sky beast (D:7)
  2 ogres
  2 black bears
  3 phantoms
  2 weeping skulls (Ossuary)
  4 scorpions
  2 bombardier beetles
  A human zombie (Ossuary)
  5 hounds
  2 jellies
  A gnoll bouda (D:5)
  A sleepcap (D:4)
  An iguana (D:6)
  An orc wizard (D:3)
  Terence (D:3)
  5 mummies
  6 adders
  7 gnolls (D:5)
  2 ufetubi (D:6)
  A ribbon worm (D:2)
  A dart slug (D:1)
  17 orcs
  7 ball pythons
  A bat (D:3)
  5 endoplasms
  4 giant cockroaches
  2 gnoll zombies (Ossuary)
  8 hobgoblins
  3 jackals (D:3)
  5 kobolds
  3 quokkas
  3 frilled lizards
  5 goblins
  3 kobold zombies (Ossuary)
  2 orc zombies (Ossuary)
  6 rats
127 creatures vanquished.

Table legend: (Time is in decaauts)
 A = Elapsed time spent in this place.
 B = Non-inter-level travel time spent in this place.
 C = Inter-level travel time spent in this place.
 D = Time resting spent in this place.
 E = Time spent auto-exploring this place.
 F = Levels seen in this place.
 G = Mean time per level.
                   A        B        C        D        E       F      G
               +--------+--------+--------+--------+--------+-----+--------+
         Total |   4563 |   4324 |    239 |      0 |   3404 |   9 |  507.0 |
       Dungeon |   4344 |   4105 |    239 |      0 |   3291 |   7 |  620.6 |
        Temple |      1 |      1 |      0 |      0 |      0 |   1 |    1.0 |
       Ossuary |    217 |    217 |      0 |      0 |    113 |   1 |  217.0 |
               +--------+--------+--------+--------+--------+-----+--------+

Top non-repeatable levels by time:
     D:5: 799 daAuts
     D:6: 756 daAuts
     D:3: 741 daAuts
     D:4: 632 daAuts
     D:2: 616 daAuts
     D:1: 444 daAuts
     D:7: 353 daAuts
 Ossuary: 217 daAuts
  Temple: 1 daAuts

Table legend:
 A = Non-vault XP
 B = Vault XP
 C = Vault XP percentage of total XP
 D = Non-vault monster count
 E = Vault monster count
 F = Vault count percentage of total count
                 A         B        C        D         E       F
            +---------+---------+-------+---------+---------+-------
      Total |    2491 |     366 |  12.8 |     110 |      17 |  13.4
            +---------+---------+-------+---------+---------+-------
        D:1 |      26 |       0 |   0.0 |      15 |       0 |   0.0
        D:2 |      68 |       0 |   0.0 |      16 |       0 |   0.0
        D:3 |     117 |      32 |  21.5 |      21 |       1 |   4.5
        D:4 |     327 |      18 |   5.2 |      19 |       1 |   5.0
        D:5 |     412 |       3 |   0.7 |      14 |       1 |   6.7
        D:6 |     885 |       0 |   0.0 |      13 |       0 |   0.0
        D:7 |     656 |       0 |   0.0 |      12 |       0 |   0.0
    Ossuary |       0 |     313 | 100.0 |       0 |      14 | 100.0
            +---------+---------+-------+---------+---------+-------
